 Dungeon Crawl Stone Soup version 0.25.1-2-g60ff931df9 (webtiles) character file.

Game seed: 14480948864104909209

452847 miscthings the Eclecticist (level 23, 0/175 HPs)
             Began as a Mummy Ice Elementalist on Nov 30, 2020.
             Was an Initiate of Gozag.
             Killed by the air
             ... invoked by a spriggan air mage
              (19 damage)
             ... on level 3 of the Depths.
             The game lasted 03:19:19 (57917 turns).

miscthings the Eclecticist (MuIE)                  Turns: 57917, Time: 03:19:20

Health: 0/175      AC: 20    Str: 18      XL:     23   Next: 22%
Magic:  51/53      EV: 13    Int: 21 (24) God:    Gozag
Gold:   4558       SH: 32    Dex: 15      Spells: 25/56 levels left

rFire    + . .     SeeInvis .   y - +8 whip "Snakebite" {curare, rPois}
rCold    + . .     Gourm    .   P - +18 shield of the Gong {rElec rN+ MR+ EV-5}
rNeg     + + +     Faith    .   I - +4 ring mail {rF+}
rPois    ∞         Spirit   .   K - +2 hat {Int+3}
rElec    +         Reflect  .   J - scarf {+Inv}
rCorr    .         Harm     .   q - +2 pair of gloves {archery}
MR       ++++.                  N - +2 pair of boots {Stlth+}
Stlth    +.........             B - amulet of regeneration
HPRegen  0.79/turn              n - ring of Xom's Full Attention {rN+ MR+ MP+9 Str+6}
MPRegen  0.33/turn              w - ring of protection from fire

@: about to teleport, very slightly contaminated, very slow
A: no food or potions, fire vulnerability, cold resistance 1, negative energy
resistance 3, torment resistance, unbreathing, in touch with death 1
}: 2/15 runes: barnacled, gossamer
a: Potion Petition, Call Merchant, Bribe Branch, Renounce Religion, Evoke
Invisibility


You were on level 3 of the Depths.
You worshipped Gozag.
Gozag was most pleased with you.
You were not hungry.

You visited 9 branches of the dungeon, and saw 42 of its levels.
You also visited: Ossuary, Gauntlet and Ice Cave.

You collected 24037 gold pieces.
You spent 7287 gold pieces at shops.
You paid 12192 gold pieces to Gozag.

Inventory:

Hand Weapons
 y - the +8 whip "Snakebite" (weapon) {curare, rPois}
   (You found it on level 5 of the Lair of Beasts)

   It poisons the flesh of those it strikes.
   It protects you from poison.
 D - the +0 war axe "Lyraesi" {flame, rElec rC+}
   (You bought it in a shop on level 3 of the Lair of Beasts)

   It has been specially enchanted to burn those struck by it, causing extra
   injury to most foes and up to half again as much damage against particularly
   susceptible opponents.
   Big, fiery blades are also staple armaments of hydra-hunters.
   It protects you from cold.
   It insulates you from electricity.
Missiles
 b - 9 throwing nets
 j - 11 curare-tipped darts (quivered)
Armour
 a - the +7 chain mail "Peuhodaj" {MR+ Str+3}
   (You bought it in a shop on level 4 of the Lair of Beasts)

   It affects your strength (+3).
   It affects your resistance to hostile enchantments.
 c - a scarf of repulsion
 q - a +2 pair of gloves of archery (worn)
 C - a +3 buckler of fire resistance
 I - a +4 ring mail of fire resistance (worn)
 J - a scarf of invisibility (worn)
 K - a +2 hat of intelligence (worn)
 N - a +2 pair of boots of stealth (worn)
 P - the +18 shield of the Gong (worn) {rElec rN+ MR+ EV-5}
   (You acquired it on level 4 of the Spider Nest)

   It affects your evasion (-5).
   It insulates you from electricity.
   It protects you from negative energy.
   It affects your resistance to hostile enchantments.
Magical Staves
 o - an uncursed staff of wizardry
Jewellery
 f - an uncursed ring of see invisible
 i - an uncursed amulet of reflection
 n - the ring of Xom's Full Attention (left hand) {rN+ MR+ MP+9 Str+6}
   (You took it off a minotaur in a Gauntlet)

   [ring of positive energy]

   It affects your strength (+6).
   It protects you from negative energy.
   It affects your resistance to hostile enchantments.
   It affects your magic capacity (+9).
 w - a ring of protection from fire (right hand)
 B - an amulet of regeneration (around neck)
 F - the ring of Xuudoiz {+Inv EV+4 Slay+2}
   (You bought it in a shop on level 12 of the Dungeon)

   [ring of evasion]

   It affects your evasion (+4).
   It affects your accuracy and damage with ranged weapons and melee attacks
   (+2).
   It lets you turn invisible.
 L - an uncursed ring of protection from cold
 M - an uncursed ring of protection from fire
Wands
 e - a wand of paralysis (21)
 g - a wand of flame (62)
 p - a wand of digging (12)
 t - a wand of enslavement (7)
 z - a wand of iceblast (12)
 A - a wand of acid (15)
 H - a wand of disintegration (11)
Scrolls
 d - 8 scrolls of fear
 h - 11 scrolls of identify {@r1}
 k - 5 scrolls of fog
 l - 2 scrolls of summoning
 m - 14 scrolls of teleportation
 r - 12 scrolls of remove curse
 u - a scroll of vulnerability
 v - 7 scrolls of magic mapping
 G - 4 scrolls of blinking
 O - a scroll of immolation
 R - 2 scrolls of silence
Miscellaneous
 x - a phantom mirror
 E - a tin of tremorstones (inert)
 Q - a lightning rod (inert)
 Y - 2 boxes of beasts


   Skills:
 + Level 13.2 Fighting
   Level 4.0 Long Blades
 - Level 12.0 Maces & Flails
 - Level 4.0 Throwing
 - Level 10.0 Armour
 + Level 11.5 Dodging
 - Level 1.5 Stealth
 - Level 15.0 Shields
 - Level 17.0 Spellcasting
 - Level 3.0 Conjurations
 - Level 3.0 Charms
 - Level 9.0 Summonings
 - Level 10.0 Necromancy
 - Level 2.0 Translocations
 + Level 6.6 Fire Magic
 - Level 11.0 Ice Magic
 - Level 5.0 Earth Magic
 - Level 12.0 Evocations


You had 25 spell levels left.
You knew the following spells:

 Your Spells              Type           Power        Failure   Level  Hunger
a - Frozen Ramparts       Ice            ######       1%          3    N/A
b - Ignition              Fire           #####.....   100%        8    N/A
c - Freeze                Ice            ####         1%          1    N/A
d - Summon Ice Beast      Ice/Summ       ######..     1%          4    N/A
e - Ozocubu's Armour      Chrm/Ice       #####...     1%          3    N/A
f - Dispel Undead         Necr           ######..     1%          4    N/A
r - Blink                 Tloc           N/A          3%          2    N/A
x - Foxfire               Conj/Fire      ####         1%          1    N/A
z - Borgnjor's Vile Clut  Necr/Erth      ######....   6%          5    N/A

Your spell library contained the following spells:

 Spells                   Type           Power        Failure   Level  Hunger
 Animate Skeleton         Necr           N/A          1%          1    N/A
 Infusion                 Chrm           ####         1%          1    N/A
 Magic Dart               Conj           ####         1%          1    N/A
 Pain                     Necr           ####         1%          1    N/A
 Summon Butterflies       Summ           ######..     1%          1    N/A
 Summon Small Mammal      Summ           ####         1%          1    N/A
 Call Imp                 Summ           ######..     1%          2    N/A
 Corpse Rot               Necr/Air       N/A          1%          2    N/A
 Conjure Flame            Conj/Fire      #####...     1%          3    N/A
 Recall                   Summ/Tloc      N/A          1%          3    N/A
 Vampiric Draining        Necr           ######....   1%          3    N/A
 Animate Dead             Necr           N/A          1%          4    N/A
 Apportation              Tloc           ####..       2%          1    N/A
 Shock                    Conj/Air       ###.         2%          1    N/A
 Searing Ray              Conj           ####..       2%          2    N/A
 Shroud of Golubria       Chrm/Tloc      ####..       2%          2    N/A
 Song of Slaying          Chrm           ####....     2%          2    N/A
 Hailstorm                Conj/Ice       #####...     2%          4    N/A
 Agony                    Necr           ######..     2%          5    N/A
 Inner Flame              Hex/Fire       ####....     3%          3    N/A
 Corona                   Hex            ###....      4%          1    N/A
 Sting                    Tmut/Pois      ###.         4%          1    N/A
 Swiftness                Chrm/Air       ###.....     4%          2    N/A
 Ignite Poison            Fire/Tmut/Pois ####....     6%          3    N/A
 Lesser Beckoning         Tloc           ####......   6%          3    N/A
 Sticky Flame             Conj/Fire      #####...     7%          4    N/A
 Poisonous Vapours        Pois/Air       ###...       8%          2    N/A
 Slow                     Hex            ###.....     8%          2    N/A
 Dazzling Flash           Conj/Hex       ###...       8%          3    N/A
 Spectral Weapon          Hex/Chrm       ###.....     8%          3    N/A
 Static Discharge         Conj/Air       ###.....     8%          3    N/A
 Ozocubu's Refrigeration  Ice            ######....   9%          6    N/A
 Mephitic Cloud           Conj/Pois/Air  ###.....     10%         3    N/A
 Portal Projectile        Hex/Tloc       ###...       10%         3    N/A
 Excruciating Wounds      Chrm/Necr      ######....   10%         5    N/A
 Simulacrum               Ice/Necr       #######...   10%         6    N/A
 Death Channel            Necr           ######....   12%         6    N/A
 Tukima's Dance           Hex            ###.....     14%         3    N/A
 Metabolic Englaciation   Hex/Ice        #####.....   14%         5    N/A
 Iskenderun's Mystic Bla  Conj/Tloc      ####....     17%         4    N/A
 Leda's Liquefaction      Hex/Erth       ####......   17%         4    N/A
 Bolt of Magma            Conj/Fire/Erth #####.....   19%         5    N/A
 Fireball                 Conj/Fire      #####.....   19%         5    N/A
 Fulminant Prism          Conj/Hex       ###.......   26%         4    N/A
 Iskenderun's Battlesphe  Conj/Chrm      ####....     36%         5    N/A
 Airstrike                Air            ###.......   43%         4    N/A
 Cause Fear               Hex            ###.......   43%         4    N/A
 Olgreb's Toxic Radiance  Pois           ###.....     43%         4    N/A
 Lightning Bolt           Conj/Air       ###.......   58%         5    N/A
 Starburst                Conj/Fire      #####.....   71%         6    N/A
 Freezing Cloud           Conj/Ice/Air   #####.....   73%         6    N/A
 Alistair's Intoxication  Tmut/Pois      ###.....     80%         5    N/A
 Iron Shot                Conj/Erth      ####......   82%         6    N/A
 Spellforged Servitor     Conj/Summ      #####.....   98%         7    N/A
 Ring of Flames           Chrm/Fire      #####.....   99%         7    N/A
 Invisibility             Hex            ###.....     100%        6    N/A
 Orb of Destruction       Conj           ####......   100%        7    N/A
 Shatter                  Erth           #####.....   100%        9    N/A
 Sublimation of Blood     Necr           Unusable     N/A         2    N/A
 Ice Form                 Ice/Tmut       Unusable     N/A         4    N/A

Dungeon Overview and Level Annotations

Branches:
Dungeon (15/15)            Temple (1/1) D:4            Lair (6/6) D:9
 Shoals (4/4) Lair:4       Spider (4/4) Lair:3        Slime (0/5) Lair:6
    Orc (2/2) D:9             Elf (3/3) Orc:2        Vaults (4/5) D:13
  Crypt (0/3) Vaults:3     Depths (3/5) D:15        Ossuary (visited)
  IceCv (visited)         Gauntlet (visited)

Altars:
Ashenzari
Cheibriados
Dithmenos
Elyvilon
Fedhas
Gozag
Hepliaklqana
Kikubaaqudgha
Makhleb
Okawaru
Qazlal
Ru
Sif Muna
Uskayaw
Vehumet
Wu Jian
Xom
Zin
The Shining One
Jiyva

Shops:
D:7 }   D:10 (   D:12 =   D:13 [   Orc:2 =(*[[   Elf:1 [   Lair:3 [*   Lair:4 [
Shoals:2 *   Shoals:4 :   Spider:1 =   Spider:2 *   Vaults:1 }   Vaults:2 %[
Vaults:4 *   Depths:3 [

Portals:
Hell: Depths:1 Depths:2 Depths:3
Abyss: Depths:1
Pandemonium: Depths:3

Annotations:
D:8 2 transporters, ew1980's ghost, novice GnTm
Spider:2 hawkwood's ghost, adept NaWz
Elf:2 5 runed translucent doors
Depths:3 exclusion: orange crystal statue, the Enchantress


Innate Abilities, Weirdness & Mutations

You do not eat or drink.
Your flesh is vulnerable to fire.
You are immune to poison.
Your flesh is cold resistant. (rC+)
You are immune to negative energy. (rN+++)
You are immune to unholy pain and torment.
You can survive without breathing.
You are in touch with the powers of death.


Message History

The spark wasp bursts into living lightning!
The living lightning hits you. You resist.
* * * LOW HITPOINT WARNING * * *
The living lightning hits you! You resist.
* * * LOW HITPOINT WARNING * * *
The spark wasp blinks!
The spark wasp bursts into living lightning!
The living lightning hits the spark wasp.
The spark wasp completely resists.
The living lightning hits the spark wasp.
The spark wasp completely resists.
The living lightning hits you. You resist.
* * * LOW HITPOINT WARNING * * *
The living lightning hits you! You resist.
* * * LOW HITPOINT WARNING * * *
The spark wasp blinks! x3; You block the spark wasp's attack.
BOUMMMMG!
The spriggan air mage waves its arms in wide circles.
The air twists around and strikes you!!
You die...
Your body crumbles into a pile of gold.

≈≈## ≈≈≈## ##≈≈#((..♣#..#.. ≈≈#
≈≈###8###≈≈###≈≈#'(####..#.. ≈P#
≈≈##(≈$≈%##≈≈##≈≈#..♣8♣##)#..
8###≈≈#♣≈≈≈§≈♣#≈≈###≈#..((.(#(#..
≈''≈≈≈≈≈≈..§y≈≈§$≈⌠#♣#..≈≈≈(')...
≈'$≈$≈≈$≈.yiiyD≈}}8#⌠#..≈⌠≈.'.###
≈'$$$≈≈≈≈...≈≈≈≈$≈⌠#♣#..≈≈≈.'(#
8###≈≈#♣≈≈≈≈≈♣#y≈###≈#......#^###
≈P# ≈≈##$$$≈(##y@##≈≈#..♣8♣##....
§≈# ≈###8###≈≈###≈≈#'(### #..##
§≈## ≈≈###≈≈≈≈ ##≈≈#.(..♣##..##
≈≈P# y$$$≈≈≈# #≈≈≈#.≈≈≈⌠##....
♣≈≈## :)≈≈≈# ##≈≈≈#(≈#####'#..
(≈PP# ⌠8⌠## ##≈≈≈##.≈8##......
≈###############≈)###8(≈###......
≈')#8≈#8≈#8≈≈♣.♣.♣([)(.≈8##......
[(≈≈≈≈≈≈≈≈≈≈≈..[)..')..≈########.


You could see a golden dragon, the Enchantress (repels missiles), 4 spark wasps
and a spriggan air mage (repels missiles).

Vanquished Creatures
  Mara (Depths:1)
  Bai Suzhen (Vaults:2)
  The ghost of abarbat the Executioner, an adept MiBe of Trog (Vaults:3)
  Jorgrun (D:14)
  Rupert (D:14)
  2 deep elf blademasters (Elf:3)
  4 quicksilver dragons (Depths:3)
  3 liches
  2 deep elf master archers (Elf:3)
  Polyphemus (Shoals:4)
  A kraken (Shoals:3)
  3 sphinxes
  Agnes (D:15)
  3 tengu reavers
  Kirke (Shoals:3)
  3 storm dragons
  10 vault wardens
  4 frost giants
  5 deep elf sorcerers (Elf:3)
  2 orc warlords
  4 deep elf elementalists (Elf:3)
  4 emperor scorpions (Spider:4)
  5 ghost moths
  Aizul (Elf:3)
  4 spriggan defenders
  11 ironheart preservers
  9 stone giants
  18 very ugly things
  5 entropy weavers
  Nessos (Lair:6)
  4 deep elf demonologists (Elf:3)
  Azrael (Spider:1)
  7 spark wasps
  4 deep elf annihilators (Elf:3)
  3 eidola (Vaults:3)
  6 deep elf death magi
  7 merfolk javelineers
  5 ettins
  A crystal guardian (Vaults:4)
  A green death (Depths:3)
  9 yaktaur captains
  12 merfolk impalers
  4 deep elf high priests
  6 great orbs of eyes
  7 fire dragons
  Harold (D:11)
  8 ice dragons
  14 ogre magi
  3 rakshasas
  3 spriggan air magi (Depths:3)
  22 centaur warriors
  A death knight (D:15)
  11 vault guards
  5 merfolk aquamancers
  An anaconda (shapeshifter) (Depths:2)
  2 catoblepae
  5 hydras
  3 satyrs
  2 merfolk avatars
  41 two-headed ogres
  3 orc high priests (Orc:2)
  8 deep troll shamans
  3 spriggan berserkers (Depths:3)
  8 death yaks
  3 tengu warriors
  3 vampire magi
  6 deep troll earth magi
  23 deep elf knights
  A titan skeleton (Depths:3)
  A shock serpent (shapeshifter) (Depths:2)
  A shadow wraith (Vaults:3)
  6 skeletal warriors
  A storm dragon skeleton (Depths:3)
  An orange crystal statue (D:11)
  A sea snake (shapeshifter) (Depths:1)
  3 glowing orange brains
  An unseen horror (shapeshifter) (Vaults:2)
  23 deep trolls
  A tengu zombie (Vaults:1)
  7 sea snakes
  5 wizards
  14 deep elf archers
  3 unseen horrors
  A golden dragon skeleton (Depths:3)
  A phantasmal warrior (Vaults:3)
  8 ironbrand convokers
  14 harpies
  3 necromancers
  2 orc sorcerers (Orc:2)
  13 orc knights
  2 frost giant zombies (Vaults:4)
  6 fauns (Shoals:3)
  20 orb spiders
  A sphinx zombie (Vaults:1)
  A fire giant zombie (Vaults:3)
  35 ugly things
  3 oklob plants (Lair:2)
  51 deep elf magi
  32 wolf spiders
  11 manticores
  16 slime creatures
  2 moths of wrath
  11 cyclopes
  5 elephants (Lair:5)
  5 black mambas
  4 merfolk sirens
  A guardian serpent (shapeshifter) (Vaults:2)
  7 water nymphs
  An orange demon (Depths:3)
  A gargoyle (D:10)
  8 spiny frogs
  14 vault sentinels
  A kobold demonologist (Depths:1)
  2 rime drakes (Lair:2)
  7 freezing wraiths
  2 hellwings (Depths:3)
  3 komodo dragons
  10 demonic crawlers
  23 yaktaurs
  A red devil (Depths:1)
  4 tengu conjurers
  A harpy zombie (D:13)
  6 meliai (D:13)
  27 jumping spiders
  14 hornets
  A merfolk (shapeshifter) (Depths:3)
  2 trolls
  5 wind drakes
  A polar bear (Lair:2)
  31 merfolk
  A hippogriff (shapeshifter) (Depths:2)
  6 blink frogs
  9 hippogriffs
  An ettin zombie (Vaults:3)
  6 dream sheep
  7 snapping turtles
  A shadow (Vaults:3)
  15 water elementals
  74 redbacks
  3 spriggans (Depths:3)
  31 tarantellas
  2 wyverns
  2 wraiths
  42 yaks
  4 fire bats
  A vampire (D:15)
  4 fire elementals
  A yak (shapeshifter) (Vaults:1)
  A neqoxec (Gauntlet)
  5 basilisks
  A hog (shapeshifter) (Depths:2)
  A hungry ghost (D:10)
  2 chaos spawn (Gauntlet)
  A steam dragon (shapeshifter) (Elf:2)
  A hog (Shoals:3)
  Edmund (D:5)
  2 swamp worms (Gauntlet)
  2 wargs (Orc:2)
  A naga (shapeshifter) (Vaults:4)
  A soldier ant (D:15)
  5 nameless horrors
  2 acid dragons
  A floating eye (Depths:3)
  4 hell hounds (Spider:1)
  A water moccasin (shapeshifter) (Vaults:4)
  16 water moccasins
  Duvessa (D:6)
  39 orc warriors
  4 phantoms
  12 porcupines
  3 sky beasts
  A black bear (shapeshifter) (Vaults:2)
  3 ice beasts
  2 eyes of draining
  A necrophage (D:7)
  7 boggarts
  A boggart (shapeshifter) (Depths:2)
  3 black bears
  33 ogres
  3 wolves (Lair:2)
  13 crocodiles
  15 centaurs
  2 elf skeletons
  A crocodile (shapeshifter) (D:15)
  23 bullfrogs
  5 big kobolds
  An earth elemental (Elf:1)
  A glowing shapeshifter simulacrum (Vaults:3)
  A human skeleton (Vaults:1)
  5 water moccasin zombies (Ossuary)
  Dowan (D:6)
  11 scorpions
  A troll zombie (D:9)
  5 wights (D:7)
  42 killer bees
  A howler monkey (D:4)
  2 electric eels (Lair:4)
  A crimson imp (D:8)
  A human simulacrum (Vaults:3)
  4 centaur zombies
  5 hounds
  5 jellies
  A bullfrog skeleton (D:4)
  11 orc priests
  Ijyb (D:4)
  28 orc wizards
  A centaur skeleton (D:3)
  A hell rat (D:13)
  6 worker ants
  2 iguanas
  2 big kobold zombies (Ossuary)
  2 ogre zombies (D:9)
  A hound zombie (D:9)
  2 mummies (Ossuary)
  A howler monkey zombie (D:5)
  2 worker ant zombies
  14 gnolls
  18 adders
  2 shadow imps (D:6)
  3 oozes
  8 adder zombies
  2 adder skeletons
  2 worms (Lair:3)
  4 leopard geckos
  106 orcs
  8 bats
  4 giant cockroaches
  2 gnoll zombies (Ossuary)
  9 goblins
  7 hobgoblins
  5 jackals
  9 kobolds
  5 quokkas
  A ball python skeleton (D:4)
  11 frilled lizards
  A giant cockroach zombie (D:5)
  2 goblin zombies (D:9)
  2 hobgoblin skeletons (D:9)
  10 hobgoblin zombies
  A kobold zombie (Ossuary)
  2 leopard gecko skeletons
  An orc skeleton (D:9)
  9 orc zombies
  6 rats
  A butterfly (Lair:5)
  A tentacle (Shoals:3)
1691 creatures vanquished.

Vanquished Creatures (collateral kills)
  Sojobo (Depths:1)
  Boris (Vaults:2)
  Nikola (Shoals:4)
  A golden dragon (Depths:2)
  Gastronok (Orc:1)
  2 tengu reavers
  A frost giant (Vaults:4)
  An emperor scorpion (Spider:4)
  A deep elf elementalist (Elf:1)
  2 vault wardens
  3 ironheart preservers
  An entropy weaver (Spider:2)
  2 deep elf annihilators (Elf:3)
  A minotaur (Gauntlet)
  The ghost of Morgon the Fencer, a journeyman FoMo of Dithmenos (Lair:4)
  A deep elf death mage (Depths:2)
  A merfolk impaler (Shoals:4)
  Snorg (Lair:6)
  A fire dragon (Vaults:1)
  3 hydras
  3 rakshasas (Depths:2)
  6 two-headed ogres
  A merfolk aquamancer (Shoals:4)
  An alligator snapping turtle (Shoals:4)
  A spriggan air mage (Depths:3)
  2 ogre magi
  2 catoblepae (Lair:6)
  3 centaur warriors
  A satyr (Shoals:4)
  2 dancing weapons
  2 orc high priests (Orc:2)
  2 deep elf knights
  4 skeletal warriors (Vaults:1)
  2 deep trolls
  A sea snake (Shoals:4)
  A wizard (Vaults:1)
  An ironbrand convoker (Vaults:1)
  A deep elf archer (D:12)
  A lindwurm (Lair:6)
  A necromancer (Depths:3)
  4 orc knights
  2 oklob plants
  A frost giant zombie (Depths:3)
  3 harpies
  An orc sorcerer (Orc:2)
  5 deep elf magi
  A wolf spider (Spider:4)
  An orb spider (Spider:1)
  A faun (Shoals:3)
  2 ugly things
  2 cyclopes (Vaults:2)
  A cyclops (shapeshifter) (Vaults:4)
  A manticore (D:11)
  4 elephants (Lair:5)
  A water nymph (Shoals:1)
  A vault sentinel (Vaults:1)
  A merfolk siren (Shoals:1)
  3 spiny frogs
  A gargoyle (D:12)
  4 centaur zombies
  3 rime drakes
  5 yaktaurs
  A komodo dragon (Lair:6)
  2 demonic crawlers
  A jumping spider (Spider:2)
  A troll (D:13)
  A hornet (Spider:4)
  7 blink frogs
  3 merfolk
  A polar bear (Lair:4)
  4 slime creatures
  A human simulacrum (Vaults:1)
  An air elemental (Elf:1)
  A hippogriff (Lair:4)
  2 wraiths
  7 redbacks
  8 yaks
  3 water elementals
  A vampire (D:11)
  A fire elemental (Elf:1)
  2 hungry ghosts (D:9)
  5 wargs
  An acid dragon (D:12)
  A swamp worm (Gauntlet)
  3 water moccasins
  2 two-headed ogre zombies (D:9)
  3 porcupines
  14 orc warriors
  A deep troll skeleton (Vaults:3)
  4 ice beasts (IceCv)
  8 ogres
  4 centaurs
  A human skeleton (Vaults:1)
  A wyvern zombie (D:11)
  4 bullfrogs
  A scorpion (D:12)
  9 killer bees (D:13)
  6 orc priests
  9 orc wizards
  A worker ant (D:9)
  3 ogre zombies (D:9)
  14 orcs
  4 goblin zombies (D:9)
  A hobgoblin zombie (D:9)
  7 orc zombies (D:9)
  A butterfly (Lair:5)
  A plant (Gauntlet)
  A tentacle (Shoals:3)
271 creatures vanquished.

Vanquished Creatures (others)
  A storm dragon (Vaults:4)
  An ironheart preserver (Vaults:4)
  A stone giant (Depths:3)
  A spark wasp (Depths:3)
  An ettin (D:15)
  A deep elf death mage (Elf:3)
  A great orb of eyes (Vaults:4)
  A yaktaur captain (Vaults:1)
  A fire dragon (Depths:1)
  2 two-headed ogres (D:13)
  A deep troll shaman (Vaults:2)
  15 dancing weapons
  A tengu warrior (Depths:2)
  A deep troll earth mage (Vaults:1)
  2 deep elf knights (Elf:1)
  A deep elf archer (Elf:3)
  An ironbrand convoker (Vaults:1)
  A harpy (Shoals:3)
  2 deep elf magi
  4 yaktaurs
  A tengu conjurer (Depths:1)
  A slime creature (Vaults:3)
  A hog (Shoals:3)
  2 humans (Shoals:3)
  A hungry ghost (D:13)
  An orc warrior (D:12)
  An ogre (Vaults:2)
  A killer bee (D:13)
  2 orcs
  262 foxfires
  13 fungi
  26 plants
  24 tentacles (Shoals:3)
376 creatures vanquished.

Grand Total: 2338 creatures vanquished

Notes
Turn   | Place    | Note
-------+----------+-------------------------------------------
     0 | D:1      | miscthings the Mummy Ice Elementalist began the quest for
                  | the Orb.
     0 | D:1      | Reached XP level 1. HP: 13/13 MP: 4/4
   143 | D:1      | Reached XP level 2. HP: 3/19 MP: 0/5
   629 | D:1      | Reached XP level 3. HP: 16/24 MP: 2/7
   718 | D:1      | Learned a level 3 spell: Frozen Ramparts
  1310 | D:2      | Reached XP level 4. HP: 30/30 MP: 4/8
  1860 | D:3      | Found an ancient bone altar of Kikubaaqudgha.
  1860 | D:3      | Found an ornate altar of the Wu Jian Council.
  1885 | D:3      | Found a burning altar of Makhleb.
  1889 | D:3      | Found a shadowy altar of Dithmenos.
  1890 | D:3      | Found a white marble altar of Elyvilon.
  1891 | D:3      | Found a shimmering altar of Xom.
  1935 | D:3      | Reached skill level 5 in Ice Magic
  1950 | D:2      | Learned a level 3 spell: Ozocubu's Armour
  2146 | D:3      | Reached XP level 5. HP: 28/35 MP: 9/9
  2362 | D:4      | Found a staircase to the Ecumenical Temple.
  2371 | Temple   | Entered the Ecumenical Temple
  2431 | Temple   | Became a worshipper of Gozag Ym Sagoz the Greedy
  2491 | D:4      | Reached skill level 3 in Spellcasting
  2542 | D:4      | Noticed an ogre
  2556 | D:4      | Killed an ogre
  2556 | D:4      | Reached XP level 6. HP: 41/41 MP: 4/11
  2827 | D:4      | Noticed Ijyb
  2836 | D:4      | Learned a level 4 spell: Summon Ice Beast
  2843 | D:4      | Killed Ijyb
  2942 | D:5      | Entered Level 5 of the Dungeon
  3056 | D:5      | Noticed an ice beast
  3072 | D:5      | Killed an ice beast
  3072 | D:5      | Reached skill level 4 in Spellcasting
  3072 | D:5      | Reached XP level 7. HP: 34/46 MP: 5/13
  3091 | D:5      | Noticed Edmund
  3109 | D:5      | Killed Edmund
  3198 | D:5      | Found a glowing silver altar of Zin.
  3211 | D:5      | Reached skill level 5 in Spellcasting
  3830 | D:6      | Reached skill level 6 in Spellcasting
  3860 | D:6      | Reached XP level 8. HP: 33/52 MP: 9/17
  3887 | D:6      | Noticed Duvessa
  3889 | D:6      | Noticed Dowan
  3892 | D:6      | Killed Duvessa
  3894 | D:6      | Killed Dowan
  4097 | D:6      | Found a sand-covered staircase.
  4102 | Ossuary  | Entered an ossuary
  4131 | Ossuary  | Reached skill level 7 in Spellcasting
  4221 | Ossuary  | Reached skill level 8 in Spellcasting
  4391 | D:6      | Found a sacrificial altar of Ru.
  4545 | D:6      | You fall into a shaft and drop 3 floors!
  4553 | D:8      | Reached skill level 9 in Spellcasting
  4722 | D:8      | Found a transporter.
  4790 | D:8      | Reached XP level 9. HP: 56/57 MP: 19/22
  4800 | D:8      | Reached skill level 10 in Spellcasting
  4800 | D:8      | Reached skill level 1 in Summonings
  4867 | D:8      | Noticed ew1980's ghost (novice GnTm)
  4867 | D:8      | Noticed a troll
  5029 | D:8      | Found a transporter.
  5115 | D:8      | Reached skill level 5 in Summonings
  5136 | D:8      | Noticed a three-headed hydra
  5141 | D:8      | Killed a three-headed hydra
  5141 | D:8      | Reached skill level 1 in Fighting
  5141 | D:8      | Reached skill level 1 in Evocations
  5237 | D:8      | Found a stormy altar of Qazlal.
  5358 | D:8      | Reached skill level 1 in Armour
  5358 | D:8      | Reached XP level 10. HP: 65/65 MP: 21/24
  5407 | D:7      | Found Unod's Gadget Emporium.
  5410 | D:7      | Bought a box of beasts for 260 gold pieces
  5852 | D:7      | Found a glowing golden altar of the Shining One.
  5949 | D:7      | Learned a level 2 spell: Blink
  5986 | D:7      | Found an iron altar of Okawaru.
  6450 | D:9      | Reached skill level 1 in Long Blades
  6501 | D:9      | Found a staircase to the Lair.
  6532 | D:9      | Noticed a centaur warrior
  6545 | D:9      | Found a staircase to the Orcish Mines.
  6821 | D:9      | Killed a centaur warrior
  7309 | D:9      | Found a glowing golden altar of the Shining One.
  7354 | D:9      | Found a hide-covered altar of Uskayaw.
  7357 | D:9      | Noticed a -3 dagger
  7357 | D:9      | Noticed a +0 hand axe
  7612 | D:10     | Entered Level 10 of the Dungeon
  7711 | Lair:1   | Entered Level 1 of the Lair of Beasts
  7713 | Lair:1   | Noticed a four-headed hydra
  7768 | Lair:1   | Killed a four-headed hydra
  8260 | Lair:2   | Reached XP level 11. HP: 56/75 MP: 15/25
  8341 | Lair:2   | Found a frozen archway.
  8348 | Lair:2   | Reached skill level 11 in Spellcasting
  8387 | IceCv    | Entered an ice cave
  8413 | IceCv    | Reached skill level 5 in Evocations
  8436 | IceCv    | Noticed a white ugly thing
  8450 | IceCv    | Killed a white ugly thing
  9243 | Lair:2   | Noticed an oklob plant
  9251 | Lair:2   | Noticed an oklob plant
  9613 | Lair:2   | Killed an oklob plant
  9613 | Lair:2   | Reached skill level 5 in Fighting
 10137 | Lair:2   | Killed an oklob plant
 10139 | Lair:2   | Noticed an oklob plant
 10154 | Lair:2   | Killed an oklob plant
 10157 | Lair:2   | Noticed an oklob plant
 10362 | Lair:2   | Killed an oklob plant
 10362 | Lair:2   | Reached XP level 12. HP: 60/86 MP: 14/27
 10364 | Lair:2   | Got a masterwork long sword
 10365 | Lair:2   | Identified the +5 long sword of Cytsi {flame, rPois MR+
                  | Dex-3} (You found it on level 2 of the Lair of Beasts)
 10449 | Lair:3   | Reached skill level 5 in Dodging
 10622 | Lair:3   | Found a hole to the Spider Nest.
 10719 | Lair:3   | Reached skill level 12 in Spellcasting
 11459 | Lair:3   | Bought a +2 buckler of fire resistance for 344 gold pieces
 11468 | Lair:3   | Bought a dazzling war axe for 229 gold pieces
 11468 | Lair:3   | Identified the cursed +0 war axe "Lyraesi" {flame, rElec
                  | rC+} (You bought it in a shop on level 3 of the Lair of
                  | Beasts)
 11504 | Lair:4   | Found a transporter.
 11521 | Lair:4   | Noticed an eight-headed hydra
 11532 | Lair:4   | Noticed Morgon's ghost (journeyman FoMo)
 11532 | Lair:4   | Noticed an eight-headed hydra
 11543 | Lair:4   | Found a transporter.
 11556 | Lair:4   | Noticed a six-headed hydra
 11583 | Lair:4   | Killed a six-headed hydra
 11583 | Lair:4   | Reached skill level 1 in Shields
 11702 | Lair:4   | Reached skill level 5 in Armour
 12347 | Lair:4   | Found a staircase to the Shoals.
 12510 | Lair:5   | You fall into a shaft and drop 1 floor!
 12510 | Lair:6   | Entered Level 6 of the Lair of Beasts
 12537 | Lair:6   | Found a staircase to the Slime Pits.
 12538 | Lair:6   | Found a viscous altar of Jiyva.
 12538 | Lair:6   | Noticed Snorg
 12675 | Lair:5   | Found a gate leading to a gauntlet.
 12703 | Gauntlet | Entered a Gauntlet
 12703 | Gauntlet | Found a transporter.
 12703 | Gauntlet | Found a transporter.
 12703 | Gauntlet | Found a runed translucent door.
 12703 | Gauntlet | Found a runed translucent door.
 12711 | Gauntlet | Found a transporter.
 12715 | Gauntlet | Found a transporter.
 12723 | Gauntlet | Found a transporter.
 12727 | Gauntlet | Found a transporter.
 12738 | Gauntlet | Found a transporter.
 12748 | Gauntlet | Noticed a blizzard demon
 12749 | Gauntlet | Found a runed translucent door.
 12751 | Gauntlet | Found a transporter.
 12753 | Gauntlet | Found a runed translucent door.
 12765 | Gauntlet | Found a transporter.
 12769 | Gauntlet | Found a transporter.
 12780 | Gauntlet | Found a transporter.
 12781 | Gauntlet | Found a transporter.
 13298 | Gauntlet | Identified the +6 trident of Sudden Death {vorpal, rPois
                  | Dex+3}
 13298 | Gauntlet | Identified the +0 tower shield of Skepticism {Stlth+}
 13298 | Gauntlet | Identified the ring of Xom's Full Attention {rN+ MR+ MP+9
                  | Str+6}
 13298 | Gauntlet | Noticed a minotaur
 13316 | Gauntlet | Killed a minotaur
 13723 | Lair:5   | Gained mutation: You are in touch with the powers of death.
                  | [Mummy growth]
 13723 | Lair:5   | Reached XP level 13. HP: 27/94 MP: 29/29
 14373 | Lair:5   | Found the +8 whip "Snakebite" {curare, rPois}
 15068 | Lair:6   | Killed Snorg
 15119 | Lair:6   | Reached skill level 1 in Maces & Flails
 15121 | Lair:6   | Identified the +3 kite shield "Jufoxanu" {Stlth+} (You
                  | found it on level 6 of the Lair of Beasts)
 15219 | Lair:6   | Noticed Nessos
 15235 | Lair:6   | Killed Nessos
 15792 | Lair:6   | Reached skill level 13 in Spellcasting
 16390 | D:10     | Found Oskepaf's Weapon Shoppe.
 17029 | D:10     | You fall into a shaft and drop 1 floor!
 17586 | D:11     | Noticed Harold
 17602 | D:11     | Killed Harold
 17602 | D:11     | Reached XP level 14. HP: 104/104 MP: 24/31
 18165 | D:10     | Noticed Maurice
 18166 | D:10     | Noticed Maurice
 18166 | D:10     | Maurice changed into Maurice the centaur
 18167 | D:10     | Noticed Maurice
 18167 | D:10     | Maurice the centaur changed into Maurice the fire bat
 18171 | D:10     | Killed Maurice the fire bat
 18727 | D:12     | Bought the ring of Xuudoiz {+Inv EV+4 Slay+2} for 700 gold
                  | pieces
 19070 | D:12     | Found an iron altar of Okawaru.
 19070 | D:12     | Noticed an orc warlord
 19284 | D:12     | Identified the +1 storm dragon scales of the Meadowlark
                  | {rElec rN++}
 19399 | D:12     | Reached skill level 1 in Charms
 19399 | D:12     | Reached skill level 1 in Translocations
 19577 | D:12     | Killed an orc warlord
 19899 | Orc:1    | Entered Level 1 of the Orcish Mines
 19927 | Orc:1    | Noticed Gastronok
 19959 | Orc:1    | Killed Gastronok
 20266 | Orc:2    | Entered Level 2 of the Orcish Mines
 20551 | Orc:2    | Reached skill level 10 in Evocations
 20697 | Orc:2    | Found a staircase to the Elven Halls.
 20879 | Orc:2    | Noticed an orc warlord
 20909 | Orc:2    | Killed an orc warlord
 21050 | Orc:2    | Reached skill level 5 in Maces & Flails
 21665 | Orc:2    | Found Xeimparr's Antique Armour Shop.
 21666 | Orc:2    | Found Ilowopecw's Antique Weapon Shop.
 21667 | Orc:2    | Found Ulywne's General Store.
 21667 | Orc:2    | Found Maloholo's Jewellery Boutique.
 21671 | Orc:2    | Bought a scroll of teleportation for 42 gold pieces
 21671 | Orc:2    | Bought a wand of paralysis (11) for 182 gold pieces
 21681 | Orc:2    | Bought a jewelled leather armour for 189 gold pieces
 21681 | Orc:2    | Identified the +0 leather armour of Geam {MP+9} (You bought
                  | it in a shop on level 2 of the Orcish Mines)
 21684 | Orc:2    | Bought a twisted trident for 144 gold pieces
 21684 | Orc:2    | Identified the +8 trident "Syorchapt" {pain, Int+4} (You
                  | bought it in a shop on level 2 of the Orcish Mines)
 21690 | Orc:2    | Bought a pair of embroidered gloves for 202 gold pieces
 22496 | Lair:4   | Killed Morgon's ghost
 22843 | Lair:4   | Bought the +7 chain mail "Peuhodaj" {MR+ Str+3} for 817
                  | gold pieces
 23285 | D:13     | Found a gate to the Vaults.
 23289 | D:13     | Reached XP level 15. HP: 82/112 MP: 30/32
 24314 | D:14     | Identified the +0 scale mail of the Catamount {Harm rF-
                  | Int+2} (You found it on level 14 of the Dungeon)
 24369 | D:14     | Noticed Jorgrun
 24389 | D:14     | Killed Jorgrun
 24504 | D:14     | Noticed Rupert
 24520 | D:14     | Killed Rupert
 24520 | D:14     | Reached skill level 10 in Ice Magic
 24784 | D:14     | Identified the +3 leather armour of Absence {Dex+3} (You
                  | found it on level 14 of the Dungeon)
 25079 | D:15     | Entered Level 15 of the Dungeon
 25316 | D:15     | Found a staircase to the Depths.
 25351 | D:15     | Noticed Agnes
 25364 | D:15     | Killed Agnes
 26417 | Spider:1 | Entered Level 1 of the Spider Nest
 26953 | Spider:1 | Reached XP level 16. HP: 101/118 MP: 25/33
 27227 | Spider:1 | Noticed Azrael
 27241 | Spider:1 | Killed Azrael
 27845 | Spider:2 | Reached skill level 14 in Spellcasting
 28635 | Spider:2 | Found a runed translucent door.
 28635 | Spider:2 | Noticed hawkwood's ghost (adept NaWz)
 28637 | Spider:2 | Identified a scroll of acquirement
 28639 | Spider:2 | Acquired 1200 gold pieces
 28642 | Spider:2 | Bought a pair of ancient boots for 294 gold pieces
 28642 | Spider:2 | Identified the +0 pair of boots "Yrismat" {rN++ Dex+4} (You
                  | bought it in a shop on level 2 of the Spider Nest)
 28664 | Spider:2 | Bought a crude dagger for 217 gold pieces
 28664 | Spider:2 | Identified the cursed +3 dagger "Edyles" {freeze, +Rage
                  | rPois MP+9} (You bought it in a shop on level 2 of the
                  | Spider Nest)
 30251 | Spider:4 | Entered Level 4 of the Spider Nest
 30992 | Spider:4 | Acquired the +18 shield of the Gong {rElec rN+ MR+ EV-5}
 30993 | Spider:4 | Found the +18 shield of the Gong {rElec rN+ MR+ EV-5}
 31049 | Spider:4 | Reached XP level 17. HP: 118/127 MP: 29/35
 31911 | Spider:4 | Got a gossamer rune of Zot
 32275 | Elf:1    | Entered Level 1 of the Elven Halls
 32333 | Elf:1    | Learned a level 8 spell: Ignition
 32334 | Elf:1    | Bought a dazzling cloak for 380 gold pieces
 32334 | Elf:1    | Identified the cursed +0 cloak "Fiagyuze" {+Inv rC+ Str+2
                  | Int-4} (You bought it in a shop on level 1 of the Elven
                  | Halls)
 32381 | Elf:1    | Reached skill level 5 in Shields
 32397 | Elf:1    | Reached skill level 10 in Fighting
 34276 | Elf:2    | Reached skill level 15 in Spellcasting
 34397 | Elf:2    | Found a huge runed translucent gate.
 34397 | Elf:2    | Found a huge runed translucent gate.
 34398 | Elf:2    | Found a huge runed translucent gate.
 34399 | Elf:2    | Found a huge runed translucent gate.
 34420 | Elf:2    | Found a huge runed translucent gate.
 34539 | Elf:2    | Reached XP level 18. HP: 118/136 MP: 37/37
 34897 | Elf:3    | Entered Level 3 of the Elven Halls
 35458 | Elf:3    | Noticed Aizul
 35482 | Elf:3    | Killed Aizul
 36141 | Elf:3    | Identified the ring "Muyles" {Fire rPois Dex+6 Slay-4}
 36698 | Elf:3    | Reached skill level 10 in Maces & Flails
 36999 | Elf:3    | Identified the Handbook of Ashen Ignition
 37225 | Orc:2    | Bought a jewelled ring mail for 243 gold pieces
 37225 | Orc:2    | Bought a blackened leather armour for 189 gold pieces
 37225 | Orc:2    | Identified the +4 ring mail "Nesob" {MP-9 Dex+8 Stlth+}
                  | (You bought it in a shop on level 2 of the Orcish Mines)
 37226 | Orc:2    | Identified the +1 leather armour "Mariop" {-Tele rElec rC+
                  | Str+4} (You bought it in a shop on level 2 of the Orcish
                  | Mines)
 37237 | Orc:2    | Learned a level 1 spell: Foxfire
 37391 | Shoals:1 | Entered Level 1 of the Shoals
 37887 | Shoals:1 | Reached skill level 1 in Conjurations
 38833 | Shoals:2 | Found Ivosaog's Assorted Antiques.
 38852 | Shoals:2 | Bought a scroll labeled AQYUTHATSI for 28 gold pieces
 38906 | Shoals:2 | Reached skill level 1 in Fire Magic
 39267 | Shoals:3 | Reached XP level 19. HP: 83/143 MP: 38/38
 39283 | Shoals:3 | Noticed Kirke
 39295 | Shoals:3 | Killed Kirke
 40222 | Shoals:4 | Entered Level 4 of the Shoals
 40222 | Shoals:4 | Noticed Polyphemus
 40253 | Shoals:4 | Killed Polyphemus
 40471 | Shoals:4 | Noticed Nikola
 40482 | Shoals:4 | Killed Nikola
 40729 | Shoals:4 | Identified the cursed +0 robe of Watchfulness {Stlth+}
 40823 | Shoals:4 | Reached skill level 10 in Dodging
 41211 | Shoals:4 | Found Qirofoco's Book Shop.
 41231 | Shoals:4 | Got a barnacled rune of Zot
 41798 | Shoals:4 | Identified the +0 pair of gloves of Jigsaw {+Blink rF-
                  | Int+4} (You found it on level 4 of the Shoals)
 42183 | Vaults:1 | Entered Level 1 of the Vaults
 42272 | Vaults:1 | Reached skill level 16 in Spellcasting
 43568 | Vaults:1 | Reached skill level 10 in Shields
 43940 | Vaults:1 | Reached XP level 20. HP: 151/151 MP: 40/40
 44926 | Vaults:1 | Found Pantopayq's Gadget Emporium.
 45670 | Vaults:2 | Bought a scorched scale mail for 387 gold pieces
 45670 | Vaults:2 | Identified the +5 scale mail "Moluf" {Dex+6 Slay-3} (You
                  | bought it in a shop on level 2 of the Vaults)
 46371 | Vaults:2 | Noticed Bai Suzhen
 46512 | Vaults:2 | Killed Bai Suzhen
 46677 | Vaults:2 | Noticed Boris
 47004 | Vaults:2 | Killed Boris
 47335 | Vaults:2 | Found Qejircho's Food Shoppe.
 47631 | D:13     | Bought a polished scale mail for 333 gold pieces
 47631 | D:13     | Identified the +1 scale mail of the Salamander {SInv} (You
                  | bought it in a shop on level 13 of the Dungeon)
 47635 | D:13     | Bought an encrusted chain mail for 351 gold pieces
 47636 | D:13     | Identified the +8 chain mail of Orthodoxy {*Corrode SInv
                  | Stlth+} (You bought it in a shop on level 13 of the
                  | Dungeon)
 48245 | Depths:1 | Entered Level 1 of the Depths
 48245 | Depths:1 | Noticed Sojobo
 48350 | D:12     | Bought an uncursed amulet of regeneration for 360 gold
                  | pieces
 48669 | Vaults:3 | Reached XP level 21. HP: 157/157 MP: 41/41
 49385 | Vaults:3 | Reached skill level 15 in Shields
 49459 | Vaults:3 | Noticed abarbat's ghost (adept MiBe)
 49460 | Vaults:3 | Found a runed translucent gate.
 49460 | Vaults:3 | Found a runed translucent gate.
 49460 | Vaults:3 | Found a runed translucent gate.
 49534 | Vaults:3 | Killed abarbat's ghost
 49568 | Vaults:3 | Acquired 400 gold pieces
 49979 | Vaults:3 | Found a staircase to the Crypt.
 50471 | Vaults:4 | Reached skill level 1 in Throwing
 50568 | Vaults:4 | Reached skill level 10 in Armour
 51398 | Vaults:4 | Found Lageug's Assorted Antiques.
 51407 | Vaults:4 | Bought a papyrus book for 285 gold pieces
 51407 | Vaults:4 | Bought a paperback book for 285 gold pieces
 51413 | Vaults:4 | Learned a level 5 spell: Borgnjor's Vile Clutch
 51458 | Vaults:4 | Reached skill level 1 in Necromancy
 51550 | Vaults:4 | Reached skill level 1 in Earth Magic
 52432 | D:7      | Bought a wand of acid (7) for 286 gold pieces
 52432 | D:7      | Bought a box of beasts for 260 gold pieces
 52667 | Depths:1 | Killed Sojobo
 52891 | Depths:1 | Reached skill level 5 in Necromancy
 52896 | Depths:1 | Reached XP level 22. HP: 138/165 MP: 42/42
 53019 | Depths:1 | Found a gateway to Hell.
 53134 | Depths:1 | Noticed Mara
 53288 | Depths:1 | Noticed miscthings's illusion
 53308 | Depths:1 | Killed Mara
 53557 | Depths:1 | Identified the +1 robe of Pleasant Breezes {rPois}
 53591 | Depths:1 | Reached skill level 5 in Earth Magic
 53671 | Depths:1 | Found a radiant altar of Vehumet.
 53685 | Depths:1 | Identified the +2 hat of Inference {+Inv rF+ Str-2 Dex+7}
                  | (You found it on level 1 of the Depths)
 53690 | Depths:1 | Identified the +2 robe of Esaish {Dex+3 Stlth+} (You found
                  | it on level 1 of the Depths)
 53815 | Depths:1 | Found a one-way gate to the infinite horrors of the Abyss.
 54570 | Depths:2 | Noticed a golden dragon
 54587 | Depths:2 | Killed a golden dragon
 54827 | Depths:2 | Identified the cursed +2 scimitar of Qais Gaugeph {flame,
                  | rF+ rN+ Str+2}
 55135 | Depths:2 | Identified the cursed +1 chain mail "Mep Zyac" {Str+6} (You
                  | found it on level 2 of the Depths)
 55146 | Depths:2 | Reached skill level 5 in Fire Magic
 55291 | Depths:2 | Learned a level 4 spell: Dispel Undead
 55783 | Depths:2 | Identified the +10 hunting sling of Awkwardness {flame,
                  | +Fly rPois rC- Int+4 SInv} (You found it on level 2 of the
                  | Depths)
 56062 | Depths:3 | Found Gohudo Voma's Antique Armour Boutique.
 56070 | Depths:3 | Bought a smoking leather armour for 280 gold pieces
 56070 | Depths:3 | Identified the cursed +0 leather armour of Freedom {rN+
                  | Int+6} (You bought it in a shop on level 3 of the Depths)
 56219 | Depths:3 | Reached skill level 17 in Spellcasting
 56711 | Depths:3 | Reached XP level 23. HP: 125/174 MP: 44/44
 56818 | Depths:3 | Reached skill level 10 in Necromancy
 57511 | Depths:3 | Found a one-way gate leading to the halls of Pandemonium.
 57914 | Depths:3 | Identified the ring "Lileihoefu" {MR+ MP+9}
 57914 | Depths:3 | Noticed the Enchantress
 57917 | Depths:3 | Killed from afar by a spriggan air mage

Illustrated notes

Levels and vault maps discovered:
D:1:      ncdulo_smallfort, layout_basic
D:2:      layout_basic, first_ration
D:3:      layout_basic, minitemple
D:4:      layout_basic, minmay_temple_entry_purple_smoke, uniq_ijyb
D:5:      layout_basic, old_standard_altar, bh_walls_and_bars, uniq_edmund
D:6:      layout_loops_ring, hangedman_ru_absence, nicolae_ossuary_entry_plus,
          st_stairs_7, uniq_duvessa
D:7:      layout_loops_cross, serial_shops, kennysheep_mini_moat, basic_altar,
          okawaru_altar_gauntlet_db
D:8:      layout_basic, lemuel_doored_altar, gammafunk_ghost_arena,
          hangedman_ranch [blue_anna_fruit_fields]
D:9:      layout_big_octagon, tso_metal_star, dancing_weapons_uskayaw,
          lair_entry_dummy, zombieorc2_lemuel
D:10:     layout_grid_maze, serial_shops, nicolae_shop_behind_doors,
          uniq_maurice
D:11:     layout_small_grid, minivault_16, uniq_harold
D:12:     evilmike_iron_armoury, layout_irregular_city
D:13:     wad_woods_minihive, layout_cave_pools,
          lightli_vaults_fourway_checkpoint
D:14:     layout_roguey, hangedman_abyss_or_decor_clamps,
          kennysheep_opposing_triangles, uniq_jorgrun, uniq_rupert
D:15:     hangedman_depths_entry_civil_slaughter, layout_basic, drop_trap,
          uniq_agnes
Temple:   jpeg_temple_clearing
Lair:1:   layout_cave_shapes
Lair:2:   layout_cave_shapes, portal_ice_cave_rime, serial_bayou_pond_b,
          beast_lair_carwin_3, infiniplex_staircase_pool, grunt_megastairs_4,
          lemuel_fruit_fields, minmay_lair_oklob_chamber
Lair:3:   layout_cave_pods, nicolae_spider_entry_non_spiders,
          hangedman_lair_unloving_vines, lemuel_fruit_tree
Lair:4:   statuecave_lemuel, layout_hall_layers,
          minmay_shoals_entry_lonely_mermaid, gammafunk_ghost_berserking_beasts,
          grunt_megastairs_1
Lair:5:   minmay_guarded_unrand_snakebite, layout_small_grid,
          gauntlet_entry_generic, lemuel_fruit_fields
Lair:6:   evilmike_catoblepas_cave, layout_gridlike, slime_altar_1,
          serial_bayou_shore_b, lemuel_fruit_fields, grunt_megastairs_3,
          uniq_snorg, uniq_nessos
Shoals:1: layout_shoals
Shoals:2: nicolae_shoals_island_circles, layout_shoals, serial_shops,
          nicolae_shop_trees, nicolae_shoals_isolated_beach
Shoals:3: layout_shoals, uniq_kirke
Shoals:4: shoals_end_simple, layout_shoals, serial_shops, shop, uniq_nikola,
          uniq_polyphemus
Spider:1: layout_spider_delve, nicolae_spider_nook, uniq_azrael
Spider:2: layout_spider_delve, gammafunk_ghost_grave
Spider:3: layout_spider_delve
Spider:4: guppyfry_spider_rune
Orc:1:    layout_caves, guppyfry_library_mini, uniq_gastronok
Orc:2:    st_orc_congregation, layout_caves, statue_in_the_mist_lemuel
Elf:1:    minmay_elf_arrival_plus, layout_loops_cross,
          hangedman_elven_crosses_minicolossus
Elf:2:    layout_onion_city
Elf:3:    elf_hall, layout_gridlike, grunt_megastairs_2, uniq_aizul
Vaults:1: vaults_room_grunt_arrival_ludios, hangedman_vaults_river_flow,
          vaults_standard_mumra_lines, hangedman_vaults_variations,
          v_alt_pattern_1, vaults_room_large_hall,
          nicolae_vaults_little_squares_3, grunt_vaults_hallway_short, v_misc_3,
          vaults_room_hallway, layout_vaults_omnigrid, serial_shops,
          nicolae_shop_temple_entry_statues_fountains
Vaults:2: hangedman_vaults_trim, ontoclasm_vaults_eye, vaults_room_grid,
          v_pattern_2, v_misc_25, nicolae_vaults_stairing_the_circle,
          hangedman_vaults_nails, nicolae_vaults_border_crossing,
          grunt_vaults_focal, vaults_room_hallway, layout_vaults_omnicross,
          serial_shops, nicolae_shop_crystal, uniq_bai_suzhen, uniq_boris
Vaults:3: gammafunk_vaults_ghost_spectres, v_misc_24, grunt_vaults_diagonal,
          hangedman_vaults_stretched_pinwheel,
          minmay_crypt_entry_simple_statues, v_misc_33, grunt_vaults_funnel,
          v_alt_pattern_6, vaults_dpeg_encased_lava,
          ontoclasm_vaults_misaligned, nicolae_vaults_ninety_degrees, v_misc_33,
          vaults_room_ringed_pool, v_alt_pattern_5,
          nicolae_vaults_little_squares_4, layout_vaults_maze
Vaults:4: v_misc_33, vaults_dpeg_ring, ontoclasm_vaults_fault,
          dpeg_vaults_monster_box, hangedman_vaults_snaps, v_misc_13,
          st_octagons_1, ontoclasm_vaults_spin, nicolae_vaults_triangles,
          nicolae_vaults_what_the_h, vaults_room_pools, hangedman_vaults_impose,
          grunt_vaults_hallway_short, v_misc_8, ontoclasm_vaults_pinch,
          layout_vaults_ring, serial_shops, shop
Depths:1: layout_basic, hangedman_glass_teeth, hangedman_geh_valley,
          marbit_kobold_abyss_entry, grunt_tower_of_power, uniq_mara,
          uniq_sojobo
Depths:2: minmay_the_grid_octo_tiled_squarecenter [minmay_the_grid_octo_chip,
          minmay_the_grid_octo_77, minmay_the_grid_octo_toaster,
          minmay_the_grid_octo_horde,
          minmay_the_grid_square_5x5_megaprize_diamond,
          minmay_the_grid_square_5x5_tetrominoes,
          minmay_the_grid_square_5x5_half_checkered,
          minmay_the_grid_square_5x5_intrusive_squares,
          minmay_the_grid_square_5x5_dogpile], layout_basic,
          nrook_mini_backslash, hell_entry
Depths:3: gammafunk_depths_water_palace, layout_basic, hell_entry,
          rand_demon_pan_entry_5, hangedman_decor_points, serial_shops, shop,
          serial_bayou_shore_a

Skill      XL: |  1  2  3  4  5  6  7  8  9 10 11 12 13 14 15 16 17 18 19 20 21 22 23 |
---------------+----------------------------------------------------------------------+-----
Ice Magic      | 4 5 6 7 8 11 | 11.0
Spellcasting   | 3 4 6 9 10 11 12 13 14 15 16 17 | 17.0
Summonings     | 6 8 9 |  9.0
Fighting       | 1 3 5 6 7 8 9 10 11 12 13 | 13.2
Evocations     | 1 4 6 8 9 10 11 12 | 12.0
Dodging        | 2 3 4 5 6 7 8 9 10 11 | 11.5
Armour         | 1 2 4 5 6 7 8 9 10 | 10.0
Long Blades    | 2 4 |  4.0
Shields        | 3 4 6 8 10 14 15 | 15.0
Maces & Flails | 3 5 7 8 10 11 12 | 12.0
Charms         | 2 3 |  3.0
Translocations | 2 |  2.0
Conjurations   | 1 3 |  3.0
Fire Magic     | 1 3 4 5 6 |  6.6
Throwing       | 2 4 |  4.0
Necromancy     | 5 9 10 | 10.0
Earth Magic    | 3 5 |  5.0
Stealth        | |  1.5

Action                   |  1- 3 |  4- 6 |  7- 9 | 10-12 | 13-15 | 16-18 | 19-21 | 22-24 || total
-------------------------+-------+-------+-------+-------+-------+-------+-------+-------++-------
Melee: Unarmed           |    30 |     2 |       |       |       |       |       |       ||    32
       Dagger            |       |    79 |       |       |       |       |       |       ||    79
       Double sword      |       |    11 |   130 |   269 |    17 |       |       |       ||   427
       Whip              |       |       |       |       |   833 |  1269 |  1828 |   718 ||  4648
Throw: Dart              |       |       |       |       |     1 |       |     2 |       ||     3
       Throwing net      |       |       |       |       |       |       |     1 |       ||     1
 Cast: Freeze            |    32 |     5 |     1 |     4 |       |       |       |       ||    42
       Frozen Ramparts   |     8 |    19 |    23 |    81 |   145 |   127 |   140 |    60 ||   603
       Ozocubu's Armour  |       |     5 |     4 |    20 |    34 |       |       |       ||    63
       Summon Ice Beast  |       |       |     2 |    83 |   146 |    95 |   115 |    27 ||   468
       Foxfire           |       |       |       |       |       |    36 |    77 |    35 ||   148
       Borgnjor's Vile C |       |       |       |       |       |       |     3 |    31 ||    34
       Blink             |       |       |       |       |       |       |       |    39 ||    39
       Dispel Undead     |       |       |       |       |       |       |       |     5 ||     5
Invok: Call Merchant     |       |       |       |     2 |     2 |     4 |     2 |       ||    10
       Potion Petition   |       |       |       |       |       |     1 |     1 |       ||     2
 Abil: Evoke Invisibilit |       |       |       |       |    18 |    31 |    22 |     7 ||    78
Evoke: Wand              |       |       |       |    73 |    18 |    35 |    80 |    19 ||   225
       Box of beasts     |       |       |       |     1 |     1 |       |     6 |     1 ||     9
       Phantom mirror    |       |       |       |     1 |       |       |       |       ||     1
       Tin of tremorston |       |       |       |       |     3 |     6 |    15 |    11 ||    35
       Lightning rod     |       |       |       |       |     2 |    16 |    22 |    14 ||    54
  Use: Scroll            |       |     7 |     3 |     5 |    10 |    14 |    13 |    11 ||    63
 Stab: Sleeping          |     3 |     4 |     3 |     2 |     3 |       |       |       ||    15
       Distracted        |       |     1 |       |     1 |     4 |     8 |    21 |     7 ||    42
       Paralysed         |       |       |       |       |    12 |    11 |     2 |     3 ||    28
       Invisible         |       |       |       |       |    32 |    73 |    65 |     7 ||   177
       Held in net/web   |       |       |       |       |       |     1 |       |       ||     1
Armor: Robe              |    12 |    35 |    45 |       |    14 |       |       |       ||   106
       Leather armour    |       |       |     7 |   100 |    95 |       |       |       ||   202
       Chain mail        |       |       |       |       |   175 |   613 |   235 |       ||  1023
       Ring mail         |       |       |       |       |       |       |    71 |    97 ||   168
Dodge: Dodged            |    39 |    69 |    90 |   253 |   431 |   469 |   353 |   120 ||  1824
Block: Buckler           |       |       |       |    14 |   285 |   694 |   454 |       ||  1447
       Reflection        |       |       |       |       |       |    34 |    69 |       ||   103
       Kite shield       |       |       |       |       |       |       |   565 |   648 ||  1213
       Rpst.: Double sword |       |     3 |    31 |    54 |     4 |       |       |       ||    92
